AoeStats
← Dodô Pressão

MegaRandom

504567352Analyzed
4v4 RM · 28d ago on Sep 5, 2026· 41m 47s· 8 players
Game mode
Random Map
Map size
Large (8 player)
Population
200
Speed
Normal
Resources
Standard
Victory
Conquest
Starting age
Dark Age
Ending age
Imperial Age
RankedLock teamsTeams togetherTeam positionsShared explorationLock speedFull tech treeHidden civsTurbo modeCheats
Victory
Defeat
🇩🇪 Teutons · Germany
678
+11
🇫🇷 Khmer · France
669
+12
🇧🇷 Bohemians · Brazil
628
+13
🇧🇷 Mongols · Brazil
593
+15
🇧🇷 Chinese · Brazil
615
-15
🇧🇷 Burgundians · Brazil
576
-13
🇬🇧 Lithuanians · United Kingdom
545
-12
🇨🇱 Saracens · Chile
529
-11
haritasic
Dodô Pressão
DoRiOs
11:25 Feudal Age
13:21 Wheelbarrow
12:33 Double-Bit Axe
20:02 Castle Age
18:48 Stone Mining
21:13 Hand Cart
24:23 Bow Saw
25:14 Fletching
30:39 Stone Shaft Mining
30:09 Gold Mining
30:48 Squires
30:45 Bodkin Arrow
30:52 Padded Archer Armor
34:33 Imperial Age
32:23 Forging
33:06 Horse Collar
34:08 Gold Shaft Mining
35:01 Pikeman
37:02 Conscription
36:14 Halberdier
37:15 Heavy Plow
37:19 Bracer
37:24 Scale Mail Armor
42:19 Bloodlines
Mertzman
1:31 Loom
12:36 Feudal Age
13:01 Horse Collar
14:41 Wheelbarrow
13:58 Town Watch
13:48 Man-at-Arms
14:42 Double-Bit Axe
16:44 Gold Mining
21:41 Arson
30:15 Castle Age
28:44 Forging
28:35 Scale Mail Armor
31:27 Hand Cart
31:13 Town Patrol
31:31 Stone Mining
32:48 Fortified Wall
33:19 Long Swordsman
34:06 Caravan
34:27 Bow Saw
36:14 Murder Holes
36:23 Guard Tower
39:44 Heavy Plow
39:49 Squires
40:58 Iron Casting
40:35 Scale Barding Armor
40:48 Masonry
Tayssa09
12:17 Feudal Age
14:14 Horse Collar
14:22 Double-Bit Axe
21:45 Castle Age
23:11 Stone Mining
23:49 Bow Saw
23:42 Heavy Plow
29:02 Padded Archer Armor
28:53 Fletching
37:55 Imperial Age
36:19 Bodkin Arrow
39:10 Onager
Juhlyana13
4:05 Loom
12:17 Feudal Age
12:38 Horse Collar
12:44 Double-Bit Axe
13:36 Wheelbarrow
19:37 Castle Age
21:24 Heavy Plow
21:36 Bow Saw
22:48 Hand Cart
22:22 Town Watch
24:38 Stone Mining
25:38 Caravan
31:11 Stone Shaft Mining
30:31 Gold Mining
35:11 Imperial Age
33:41 Gold Shaft Mining
34:23 Ballistics
34:14 Masonry
34:00 Murder Holes
34:16 Fortified Wall
34:06 Fletching
34:30 Forging
34:40 Scale Barding Armor
34:49 Tusk Swords
35:03 Husbandry
35:15 Bloodlines
36:18 Conscription
36:38 Crop Rotation
37:39 Double Crossbow
38:35 Iron Casting
40:15 Hoardings
41:31 Blast Furnace
40:52 Chain Barding Armor
40:40 Siege Engineers
41:42 Chemistry
41:26 Architecture
Jeff Atkinson
10:28 Feudal Age
11:02 Double-Bit Axe
11:00 Horse Collar
16:03 Loom
26:01 Castle Age
25:27 Forging
25:19 Scale Mail Armor
25:21 Gold Mining
25:25 Stone Mining
27:18 Heavy Plow
28:02 Bow Saw
28:37 Arson
30:28 Squires
31:09 Iron Casting
36:15 Imperial Age
34:26 Wheelbarrow
34:31 Town Watch
36:33 Chain Mail Armor
37:29 Conscription
36:32 Elite Teutonic Knight
42:14 Hand Cart
evairdaniel
3:01 Loom
10:31 Feudal Age
12:11 Double-Bit Axe
13:48 Wheelbarrow
16:40 Horse Collar
20:22 Castle Age
19:34 Forging
19:25 Scale Mail Armor
19:18 Fletching
19:30 Padded Archer Armor
19:45 Scale Barding Armor
21:19 Bow Saw
23:27 Heavy Plow
25:47 Hand Cart
34:20 Imperial Age
33:07 Iron Casting
32:47 Chain Mail Armor
32:50 Leather Archer Armor
32:31 Bodkin Arrow
32:57 Chain Barding Armor
33:41 Murder Holes
33:57 Fortified Wall
33:27 Treadmill Crane
33:58 Masonry
35:02 Chemistry
34:44 Wagenburg Tactics
36:13 Blast Furnace
36:40 Conscription
36:50 Heavy Scorpion
37:47 Hussite Reforms
Connection lost

Rejoining the realm…

Still unreachable

The connection could not be restored.

Session expired

The server has moved on; the page needs a fresh start.